 Dungeon Crawl Stone Soup version 0.27-a0-1140-g099f9bb0e8 (webtiles) character file.

Game seed: 3570503106880785041

34741 tilp the Frost Mage (level 13, -2/107 HPs)
             Began as a Demigod Ice Elementalist on May 9, 2021.
             Succumbed to Sonja's foul vapour
             ... on level 6 of the Lair of Beasts.
             The game lasted 00:44:47 (24468 turns).

tilp the Frost Mage (Demigod Ice Elementalist)     Turns: 24468, Time: 00:44:47

Health: -2/107     AC: 19    Str:  9    XL:     13   Next: 13%
Magic:  4/26       EV: 10    Int: 33    God:
Gold:   737        SH:  5    Dex: 14    Spells: 6/24 levels left

rFire    + + .     SeeInvis .   a - +5 dagger (elec)
rCold    . . .     Faith    .   y - +0 buckler
rNeg     . . .     Spirit   .   G - +2 scale mail {rPois}
rPois    +         Reflect  .   v - +0 helmet
rElec    .         Harm     .   N - +0 cloak {rF+}
rCorr    +         Rampage  .   r - +0 pair of gloves
Will     +....                  n - +1 pair of boots
Stlth    ++........             g - amulet of regeneration
HPRegen  1.27/turn              e - ring of protection from fire
MPRegen  0.20/turn              O - ring of resist corrosion

@: lethally poisoned (-2 -> -24), ice-armoured, very slightly contaminated,
slowed, very slow
A: high mp 1, forlorn
a: no special abilities


You were on level 6 of the Lair of Beasts.
You visited 2 branches of the dungeon, and saw 17 of its levels.
You also visited: Sewer and Volcano.

You collected 1185 gold pieces.
You spent 448 gold pieces at shops.

Inventory:

Hand Weapons
 a - a +5 dagger of electrocution (weapon)
 b - a +2 demon blade of flaming
 d - a +0 spectral broad axe
 l - the +9 spear of Ciwu {elec, rN+ Int+3}
   (You found it on level 6 of the Lair of Beasts)

   Occasionally, upon striking a foe, it can discharge electrical energy and
   cause terrible harm.
   It affects your intelligence (+3).
   It protects you from negative energy.
Missiles
 q - 12 poisoned darts (quivered)
 A - 8 boomerangs
Armour
 c - a +0 kite shield
 n - a +1 pair of boots (worn)
 r - a +0 pair of gloves (worn)
 v - a +0 helmet (worn)
 y - a +0 buckler (worn)
 G - a +2 scale mail of poison resistance (worn)
 N - a +0 cloak of fire resistance (worn)
 Q - a +4 chain mail of fire resistance
Magical Staves
 E - a staff of cold
Jewellery
 e - a ring of protection from fire (left hand)
 g - an amulet of regeneration (around neck)
 M - a ring of protection from cold
 O - a ring of resist corrosion (right hand)
 R - the ring of the Nightingale {rC++ AC+4 Str+3 Int-5}
   (You acquired it on level 3 of the Lair of Beasts)

   [ring of protection]

   It affects your AC (+4).
   It affects your strength (+3).
   It affects your intelligence (-5).
   It greatly protects you from cold.
Wands
 o - a wand of acid (15)
 u - a wand of iceblast (33)
 w - a wand of mindburst (26)
 x - a wand of flame (50)
 B - a wand of digging (6)
 L - a wand of polymorph (18)
 T - a wand of charming (10)
Scrolls
 m - 2 scrolls of fog
 s - a scroll of magic mapping
 z - 4 scrolls of teleportation
 C - a scroll of blinking
 S - a scroll of holy word
Potions
 f - 4 potions of lignification
 h - 4 potions of magic
 i - 7 potions of curing
 j - 3 potions of ambrosia
 k - 3 potions of flight
 p - 3 potions of brilliance
 t - 6 potions of might
 D - 3 potions of berserk rage
 F - 3 potions of haste
 H - 3 potions of resistance
 I - 4 potions of heal wounds
 J - 3 potions of invisibility
 K - 2 potions of attraction
Miscellaneous
 P - a piece from Xom's chessboard (15/15)


   Skills:
 - Level 8.0 Fighting
 - Level 2.0 Armour
 - Level 6.0 Dodging
 - Level 6.0 Stealth
 - Level 4.0 Shields
 - Level 6.0 Spellcasting
 - Level 8.0 Conjurations
 - Level 4.0 Hexes
 + Level 12.9 Ice Magic
 - Level 6.0 Evocations


You had 6 spell levels left.
You knew the following spells:

 Your Spells              Type           Power      Damage    Failure   Level
a - Freeze                Ice            100%       1d11      1%          1
b - Frozen Ramparts       Ice            100%       1d12      1%          3
c - Ozocubu's Armour      Ice            76%        N/A       1%          3
d - Hailstorm             Conj/Ice       68%        3d14      4%          4
e - Ensorcelled Hibernat  Hex/Ice        100%       N/A       1%          2
f - Metabolic Englaciati  Hex/Ice        30%        N/A       28%         5

Your spell library contained the following spells:

 Spells                   Type           Power      Damage    Failure   Level
 Corona                   Hex            40%        N/A       6%          1
 Shock                    Conj/Air       100%       1d9       6%          1
 Dazzling Flash           Conj/Hex       98%        N/A       9%          3
 Static Discharge         Conj/Air       36%        N/A       10%         2
 Confusing Touch          Hex            36%        N/A       19%         3
 Stone Arrow              Conj/Erth      72%        3d11      19%         3
 Tukima's Dance           Hex            36%        N/A       19%         3
 Sandblast                Erth           18%        2d7       32%         1
 Passwall                 Tmut/Erth      7%         N/A       45%         2
 Gell's Gravitas          Tloc           4%         N/A       69%         3
 Swiftness                Air            9%         N/A       69%         3
 Irradiate                Conj/Tmut      18%        3d20      87%         5
 Lightning Bolt           Conj/Air       18%        1d32      87%         5
 Airstrike                Air            4%         N/A       97%         4
 Petrify                  Tmut/Erth      9%         N/A       97%         4
 Yara's Violent Unravell  Hex/Tmut       11%        3d6       99%         5
 Lee's Rapid Deconstruct  Erth           4%         3d6*      100%        5
 Blade Hands              Tmut           4%         N/A       100%        6
 Statue Form              Tmut/Erth      6%         N/A       100%        6
 Dragon Form              Tmut           4%         N/A       100%        7


Dungeon Overview and Level Annotations

Branches:
Dungeon (11/15)            Temple (0/1) D:6            Lair (6/6) D:11
  Swamp (0/4) Lair:3       Spider (0/4) Lair:4        Slime (0/5) Lair:6
    Orc (0/2) D:10          Sewer (visited)         Volcano (visited)

Shops:
D:4 *   D:11 !

Annotations:
D:8 1 runed translucent door
D:9 exclusion: two-headed ogre
Lair:1 exclusion: 2 oklob plants
Lair:2 Gastronok


Innate Abilities, Weirdness & Mutations

Your attributes grow dramatically as you level up.
You have an increased reservoir of magic. (+10% MP)
You shall have no god before yourself.


Message History

Unknown command.
You hit Sonja.
Sonja is almost dead.
You are engulfed in dark miasma.
You feel extremely sick. Sonja barely misses you. x2
Unknown command.
Casting: Hailstorm (dangerous; 4% risk of failure)
Confirm with . or Enter, or press ? or * to list all spells.
Aiming: Freeze (safe; 1% risk of failure)
Press: ? - help, Shift-Dir - straight line, f/p - Sonja
Aim: Sonja the death drake (almost dead, covered in acid)
You miscast Freeze.
You are very lightly contaminated with residual magic.
Nothing appears to happen.
You feel very sick. Sonja misses you.
Casting: Freeze (safe; 1% risk of failure)
Confirm with . or Enter, or press ? or * to list all spells.
Aiming: Freeze (safe; 1% risk of failure)
Press: ? - help, Shift-Dir - straight line, f/p - Sonja
Aim: Sonja the death drake (almost dead, covered in acid)
You freeze Sonja.
Sonja is almost dead.
Sonja seems to slow down.
You feel very sick. Sonja breathes miasma at you. The foul vapour engulfs you!
You are more poisoned.
You feel yourself slow down.
* * * LOW HITPOINT WARNING * * *
Aiming: Corrosive Bolt
Press: ? - help, Shift-Dir - straight line, f/p - Sonja
Aim: Sonja the death drake (foul pestilence, almost dead, slow, catching its breath, covered in acid, 60% to hit)
The bolt of acid hits Sonja!!
Sonja is splashed with acid.
Sonja seems to be corroded for longer.
You kill Sonja!
You are engulfed in dark miasma.
* * * LOW HITPOINT WARNING * * *
You die...

♣...♣♣ ♣♣♣..♣
♣♣..♣ ♣♣..♣♣♣
♣♣.♣♣♣♣..♣♣
♣..♣♣..♣♣ ♣♣..♣..♣
+ ♣♣♣ ♣♣♣..♣♣
♣♣♣○♣♣○♣♣ ♣♣..♣♣
♣.).○○○○♣♣ ♣♣..♣♣
♣D...♣♣♣@○○♣♣♣..♣♣
♣♣♣♣ .K♣
♣♣♣♣○.♣.♣♣♣♣...♣
♣♣♣...♣.......
♣♣....♣ ♣. ♣♣..♣♣
♣.♣♣ ♣.♣♣ ♣♣♣♣♣♣
♣♣♣♣ ♣♣.♣♣
♣..♣.♣♣♣♣♣♣♣..♣♣
♣♣♣♣♣♣♣..♣♣♣


There were no monsters in sight!

Vanquished Creatures
  10 hydras
  2 boulder beetles (D:11)
  A hell knight (Volcano)
  A salamander mystic (Volcano)
  A death drake (Lair:6)
  A necromancer (Lair:5)
  A lindwurm (Lair:5)
  An orb spider (Lair:4)
  An ugly thing (D:11)
  4 salamanders (Volcano)
  An elephant (Lair:6)
  3 black mambas
  2 molten gargoyles (Volcano)
  A torpor snail (Lair:6)
  8 cane toads
  3 rime drakes
  4 komodo dragons
  A troll (D:10)
  3 blink frogs (Lair:4)
  7 dream sheep (Lair:6)
  A hornet (D:9)
  A wraith (D:11)
  A wyvern (Lair:3)
  2 fire bats (Volcano)
  Grum (D:9)
  5 basilisks
  21 yaks
  2 steam dragons
  3 vampire mosquitoes (Lair:3)
  15 water moccasins
  3 elephant zombies (Lair:5)
  An ice beast (D:7)
  2 black bears
  A sky beast (D:8)
  A necrophage (D:7)
  3 orc warriors
  15 wolves
  5 centaurs
  A kobold brigand (D:3)
  2 komodo dragon zombies (Lair:5)
  15 bullfrogs
  2 gnoll sergeants
  A wyvern zombie (D:8)
  3 killer bees (D:11)
  7 wights
  3 howler monkeys
  6 electric eels
  6 centaur zombies
  7 lava snakes (Volcano)
  2 hounds
  A basilisk zombie (Lair:5)
  3 centaur skeletons
  2 gnoll shamans
  4 orc priests
  A bullfrog skeleton (D:5)
  An iguana (D:4)
  10 orc wizards
  A howler monkey zombie (D:10)
  35 gnolls
  5 adders
  A shadow imp (D:7)
  3 white imps
  2 worms
  4 dart slugs
  19 orcs
  25 ball pythons
  9 bats
  8 endoplasms
  4 giant cockroaches
  13 goblins
  10 hobgoblins
  18 jackals
  2 quokkas
  3 frilled lizards
  54 kobolds
  5 rats
437 creatures vanquished.

Vanquished Creatures (others)
  25 fungi
  45 plants
70 creatures vanquished.

Grand Total: 507 creatures vanquished

Notes
Turn   | Place    | Note
-------+----------+-------------------------------------------
     0 | D:1      | tilp the Demigod Ice Elementalist began the quest for the
                  | Orb.
     0 | D:1      | Reached XP level 1. HP: 14/14 MP: 5/5
   248 | D:1      | Reached skill level 4 in Ice Magic
   315 | D:1      | Reached XP level 2. HP: 18/20 MP: 5/7
  1042 | D:1      | Reached XP level 3. HP: 26/26 MP: 8/8
  1247 | D:2      | Learned a level 3 spell: Ozocubu's Armour
  2275 | D:2      | Reached XP level 4. HP: 33/33 MP: 2/10
  2279 | D:2      | Learned a level 3 spell: Frozen Ramparts
  3049 | D:3      | Reached skill level 5 in Ice Magic
  4017 | D:3      | Reached XP level 5. HP: 38/38 MP: 4/12
  5116 | D:3      | Reached skill level 6 in Ice Magic
  5116 | D:3      | Reached XP level 6. HP: 44/45 MP: 5/14
  5121 | D:3      | Learned a level 4 spell: Hailstorm
  5547 | D:4      | Found a glowing drain.
  5579 | Sewer    | Entered a sewer
  6481 | D:4      | Found Viugumei's Elemental Accessories.
  6979 | D:5      | Entered Level 5 of the Dungeon
  7670 | D:5      | Reached XP level 7. HP: 50/50 MP: 16/16
  8061 | D:6      | Reached skill level 1 in Conjurations
  8061 | D:6      | Reached skill level 7 in Ice Magic
  8345 | D:6      | Noticed a steam dragon
  8367 | D:6      | Killed a steam dragon
  8463 | D:6      | Found a staircase to the Ecumenical Temple.
  8482 | D:6      | Reached skill level 8 in Ice Magic
  8840 | D:6      | Reached skill level 1 in Fighting
  8976 | D:7      | Reached skill level 1 in Evocations
  8976 | D:7      | Reached XP level 8. HP: 59/59 MP: 5/17
 10295 | D:7      | Learned a level 2 spell: Ensorcelled Hibernation
 10325 | D:8      | Reached XP level 9. HP: 49/71 MP: 16/18
 10452 | D:8      | You fall into a shaft and drop 1 floor!
 10807 | D:9      | Noticed a two-headed ogre
 11255 | D:8      | Reached skill level 1 in Shields
 11446 | D:8      | Found a runed translucent door.
 11447 | D:8      | Noticed a sixfirhy
 11815 | D:9      | Reached skill level 5 in Spellcasting
 12102 | D:9      | Noticed Grum
 12106 | D:9      | Killed Grum
 12466 | D:10     | Entered Level 10 of the Dungeon
 12641 | D:10     | Reached skill level 9 in Ice Magic
 12641 | D:10     | Reached XP level 10. HP: 78/78 MP: 17/22
 13066 | D:10     | Found a staircase to the Orcish Mines.
 13858 | D:11     | Found a staircase to the Lair.
 13869 | D:11     | Noticed a boulder beetle
 13876 | D:11     | Killed a boulder beetle
 14114 | D:11     | Noticed a boulder beetle
 14124 | D:11     | Killed a boulder beetle
 14125 | D:11     | Reached skill level 10 in Ice Magic
 14313 | D:11     | Found Rokemiwa's Distillery.
 14330 | D:11     | Bought a potion of heal wounds for 70 gold pieces
 14330 | D:11     | Bought a potion of degeneration for 14 gold pieces
 14400 | D:11     | Noticed a green ugly thing
 14407 | D:11     | Killed a green ugly thing
 15159 | Lair:1   | Entered Level 1 of the Lair of Beasts
 15159 | Lair:1   | Noticed a black mamba
 15170 | Lair:1   | Killed a black mamba
 15171 | Lair:1   | Reached skill level 5 in Conjurations
 15503 | Lair:1   | Noticed a black mamba
 15508 | Lair:1   | Killed a black mamba
 15509 | Lair:1   | Reached skill level 11 in Ice Magic
 15564 | Lair:1   | Noticed a six-headed hydra
 15572 | Lair:1   | Killed a six-headed hydra
 15573 | Lair:1   | Reached XP level 11. HP: 29/84 MP: 8/24
 16485 | D:11     | Bought a potion of heal wounds for 70 gold pieces
 16485 | D:11     | Bought a potion of invisibility for 112 gold pieces
 16485 | D:11     | Bought a potion of haste for 140 gold pieces
 16485 | D:11     | Bought a potion of attraction for 42 gold pieces
 16552 | Lair:2   | Found a dark tunnel.
 16561 | Volcano  | Entered a volcano
 17033 | Volcano  | Noticed a salamander mystic
 17044 | Volcano  | Reached skill level 12 in Ice Magic
 17044 | Volcano  | Killed a salamander mystic
 17045 | Volcano  | Reached skill level 1 in Armour
 17173 | Volcano  | Noticed a hell knight
 17191 | Volcano  | Killed a hell knight
 17456 | Volcano  | Reached skill level 5 in Stealth
 17895 | Lair:2   | Reached skill level 5 in Fighting
 18084 | Lair:2   | Reached skill level 5 in Dodging
 18090 | Lair:2   | Learned a level 5 spell: Metabolic Englaciation
 18236 | Lair:2   | Noticed Gastronok
 18895 | Lair:3   | Noticed a five-headed hydra
 18907 | Lair:3   | Killed a five-headed hydra
 19448 | Lair:3   | Found a staircase to the Swamp.
 19503 | Lair:3   | Noticed a five-headed hydra
 19511 | Lair:3   | Killed a five-headed hydra
 19512 | Lair:3   | Reached XP level 12. HP: 59/96 MP: 14/25
 20307 | Lair:3   | Identified a scroll of acquirement
 20307 | Lair:3   | Acquired the ring of the Nightingale {rC++ AC+4 Str+3
                  | Int-5}
 21241 | Lair:4   | Found a hole to the Spider Nest.
 21785 | Lair:5   | Noticed a four-headed hydra
 21791 | Lair:5   | Killed a four-headed hydra
 22798 | Lair:6   | Entered Level 6 of the Lair of Beasts
 22807 | Lair:6   | Noticed an eight-headed hydra
 22808 | Lair:6   | Noticed a four-headed hydra
 22818 | Lair:6   | Killed an eight-headed hydra
 22818 | Lair:6   | Killed a four-headed hydra
 22819 | Lair:6   | Reached skill level 5 in Evocations
 23025 | Lair:6   | Noticed a seven-headed hydra
 23035 | Lair:6   | Killed a seven-headed hydra
 23145 | Lair:6   | Noticed a six-headed hydra
 23160 | Lair:6   | Killed a six-headed hydra
 23621 | Lair:6   | Noticed a catoblepas
 23628 | Lair:6   | Noticed a five-headed hydra
 23944 | Lair:6   | Reached XP level 13. HP: 107/107 MP: 11/26
 24178 | Lair:6   | Identified the +9 spear of Ciwu {elec, rN+ Int+3}
 24243 | Lair:6   | Found a staircase to the Slime Pits.
 24434 | Lair:6   | Noticed Sonja
 24455 | Lair:6   | Noticed Sonja
 24455 | Lair:6   | Sonja changed into Sonja the death drake
 24468 | Lair:6   | Killed Sonja the death drake
 24468 | Lair:6   | Succumbed to Sonja's foul vapour

Illustrated notes

Levels and vault maps discovered:
D:1:      psy_arrival_fountain, layout_loops_ring,
          shapermc_ecumenical_altar_hornbeckon
D:2:      layout_loops_ring
D:3:      minmay_goblin_kobold_castle, layout_basic, minmay_cut_off
D:4:      layout_basic, cheibrodos_sewer_entry_drain, serial_park_tiny_pond,
          nicolae_elemental_shop, minmay_goblin_outpost
D:5:      layout_gridville, lemuel_doored_altar, grunt_temple_overflow_open
D:6:      layout_loops_ring, minmay_temple_entry_glassed_door
D:7:      layout_loops_ring, fedhas_ov_isle_minmay,
          gammafunk_temple_overflow_statue, led_sif_pool,
          kennysheep_small_circle
D:8:      cheibrodos_shockbox, layout_cave_pools, nemelex_diamond_rough_becter
D:9:      layout_loops_ring, item_on_display_a, uniq_grum
D:10:     layout_layer_cave, orc_0_dummy
D:11:     layout_roguey, lair_entry_dummy, serial_shops, nicolae_shop_trees
Lair:1:   layout_big_grid, minmay_lair_oklob_chamber, serial_bayou_shore_a,
          grunt_megastairs_4
Lair:2:   layout_gridlike, nicolae_volcano_entry_hallway, lemuel_fruit_tree,
          grunt_megastairs_5, infiniplex_staircase_pool, uniq_gastronok
Lair:3:   layout_roguey, minmay_swamp_entry_swarm
Lair:4:   layout_regular_city, nicolae_spider_entry_orb_guardian
Lair:5:   pond_and_an_island_with_a_cottage, layout_regular_city
Lair:6:   evil_forest, layout_small_grid, dpeg_slime_entry_corner, basic_altar,
          infiniplex_staircase_pool_2, serial_bayou_shore_b,
          serial_bayou_shore_b, uniq_sonja

Skill      XL: |  1  2  3  4  5  6  7  8  9 10 11 12 13 |
---------------+----------------------------------------+-----
Spellcasting   | 2 3 4 5 6 |  6.0
Ice Magic      | 4 5 6 8 9 11 12 | 12.9
Stealth        | 2 4 6 |  6.0
Dodging        | 2 4 6 |  6.0
Conjurations   | 2 4 5 6 7 8 |  8.0
Fighting       | 1 3 4 6 8 |  8.0
Evocations     | 1 3 4 5 6 |  6.0
Shields        | 3 4 |  4.0
Armour         | 2 |  2.0
Hexes          | 4 |  4.0

Action                   |  1- 3 |  4- 6 |  7- 9 | 10-12 | 13-15 || total
-------------------------+-------+-------+-------+-------+-------++-------
Melee: Dagger            |    16 |    72 |   179 |   265 |    34 ||   566
Throw: Stone             |     3 |     3 |       |       |       ||     6
       Dart              |       |       |     5 |    12 |       ||    17
 Cast: Freeze            |    81 |   108 |    20 |    86 |    18 ||   313
       Ozocubu's Armour  |     1 |    22 |    33 |    57 |     3 ||   116
       Frozen Ramparts   |       |    21 |    29 |    41 |     4 ||    95
       Hailstorm         |       |       |    15 |    90 |     7 ||   112
       Ensorcelled Hiber |       |       |       |     3 |       ||     3
       Metabolic Englaci |       |       |       |     1 |       ||     1
Evoke: Wand              |       |       |     2 |     9 |     6 ||    17
  Use: Scroll            |       |     8 |     8 |    13 |       ||    29
       Potion            |       |       |     1 |       |       ||     1
 Stab: Sleeping          |     7 |     3 |     3 |     2 |       ||    15
Armor: Robe              |    24 |    59 |   112 |    21 |       ||   216
       Scale mail        |       |       |       |   236 |    36 ||   272
Dodge: Dodged            |    45 |   100 |   161 |   186 |    25 ||   517
Block: Buckler           |       |       |       |    64 |    12 ||    76

Table legend: (Time is in decaauts)
 A = Elapsed time spent in this place.
 B = Non-inter-level travel time spent in this place.
 C = Inter-level travel time spent in this place.
 D = Time resting spent in this place.
 E = Time spent auto-exploring this place.
 F = Levels seen in this place.
 G = Mean time per level.
                   A        B        C        D        E       F      G
               +--------+--------+--------+--------+--------+-----+--------+
         Total |  24711 |  23594 |   1117 |   5766 |  14060 |  19 | 1300.6 |
       Dungeon |  14390 |  13568 |    822 |   2941 |   8538 |  11 | 1308.2 |
          Lair |   8210 |   7916 |    294 |   2141 |   4884 |   6 | 1368.3 |
         Sewer |   1032 |   1032 |      0 |    110 |    637 |   1 | 1032.0 |
       Volcano |   1077 |   1077 |      0 |    574 |      0 |   1 | 1077.0 |
               +--------+--------+--------+--------+--------+-----+--------+

Top non-repeatable levels by time:
     D:3: 2674 daAuts
  Lair:3: 1650 daAuts
  Lair:6: 1598 daAuts
     D:2: 1495 daAuts
     D:9: 1452 daAuts
  Lair:5: 1434 daAuts
    D:10: 1414 daAuts
     D:7: 1347 daAuts
  Lair:1: 1341 daAuts
    D:11: 1254 daAuts
     D:1: 1242 daAuts
     D:6: 1118 daAuts
  Lair:4: 1097 daAuts
  Lair:2: 1088 daAuts
 Volcano: 1077 daAuts
